Unix NetHack Version 5.0.0-0 post-release - last build May 23 2026 06:08:33 (1c0ff79ee797540d5714e4e18072db0edd9e58ae,branch:main).

Game began 2026-05-29 07:03:14, ended 2026-05-29 07:12:23.

Atomicjoy, chaotic male elven Wizard

                             ---
                ...          |..---
            ---..<.          |....------
            ..--...          |...G..|..|
           --.....           ---.......|
          .|.----              |..GF...|
          ....               ---.fh@.---
          .....             ....G...--
           ....-           -........-
            ....-         `....
             .....       .....
              .....     ....)
               .....   .....
                -..........
                 --.....--
                  --....|
                    -----

Atomicjoy the Evoker      St:9 Dx:14 Co:13 In:20 Wi:10 Ch:10  Chaotic
Dlvl:3  $:94 HP:0(16) Pw:9(9) AC:9  Xp:1 T:1189 

Latest messages:
 You swap places with your kitten.
 You hear water falling on coins.
 You descend the stairs.
 You hear some noises in the distance.
 The dwarf wields a pick-axe!
 The gnome throws a dart!
 You are almost hit by a dart.
 The dwarf picks up a rusty dart.
 The gnome wields a thonged club!
 The gnome secures the tether on the thonged club.
 You hear some noises in the distance.
 You see here a scroll labeled NR 9.
 D - a scroll labeled NR 9.
 You hear some noises in the distance.
 You hear some noises in the distance.
 You hear some noises.
 The gnome lord puts on a pair of hard shoes.
 You hear some noises in the distance.
 Your kitten grows up into a housecat.
 You hear some noises.
 You hear some noises in the distance.
 You hear some noises.
 You hear some noises in the distance.
 You hear some noises.
 You hear some noises in the distance.
 The dwarf throws a dart!
 The gnome lord is hit.
 The gnome lord throws a dart!
 The dart misses the lichen.
 You are hit by a dart.
 The gnome lord throws a dart!
 The dart hits the gnome lord.
 You hear some noises.
 The gnome lord hits!
 You hear some noises in the distance.
 You hear some noises.
 The dwarf throws a dart!
 You are hit by a dart.
 The dwarf wields a broad short sword!
 The gnome hits!
 The housecat misses the dwarf.
 The lichen touches you!
 You cannot escape from the lichen!
 The gnome lord hits!
 You cannot escape from the lichen!
 The gnome lord hits!
 The dwarf thrusts her broad short sword.
 The dwarf hits!
 You die...
 Do you want your possessions identified? [ynq] (y) q

Inventory:
 Coins    ('$')
  $ - 94 gold pieces
 Weapons  (')')
  v - a blessed +1 orcish dagger
  a - a blessed +1 quarterstaff (weapon in hands)
 Armor    ('[')
  w - a cursed +0 orcish helm
  b - an uncursed +0 cloak of magic resistance (being worn)
 Comestibles  ('%')
  x - an uncursed food ration
  A - an uncursed pancake
  u - an uncursed lichen corpse
 Scrolls  ('?')
  i - an uncursed scroll of confuse monster
  t - an uncursed scroll of enchant armor
  j - an uncursed scroll of enchant weapon
  k - an uncursed scroll of identify
  D - an uncursed scroll of stinking cloud
 Spellbooks  ('+')
  p - an uncursed spellbook of chain lightning
  m - an uncursed spellbook of detect monsters
  l - a blessed spellbook of force bolt
  C - an uncursed spellbook of wizard lock
 Potions  ('!')
  z - a cursed potion of extra healing
  h - an uncursed potion of gain level
  f - 2 uncursed potions of healing
  g - an uncursed potion of sleeping
 Rings    ('=')
  q - a blessed -2 ring of adornment
  e - an uncursed +1 ring of increase accuracy
  r - an uncursed ring of levitation
  d - an uncursed ring of shock resistance
 Wands    ('/')
  c - a wand of teleportation (0:7)
 Tools    ('(')
  o - an uncursed wooden harp
  n - a magic marker (0:20)
  s - a cursed towel

Atomicjoy the Wizard's attributes:

Background:
 You were an Evoker, a level 1 male elven Wizard.
 You were chaotic, on a mission for Anhur
 who was opposed by Ptah (lawful) and Thoth (neutral).
 You were right-handed.
 You were in the Gnomish Mines, on level 3.
 You entered the dungeon 1189 turns ago.
 You had 6 experience points, 14 more were needed to attain level 2.

Basics:
 You had 0 out of 16 hit points.
 You had all 9 energy points (spell power).
 Your armor class was 9.
 Your wallet contained 94 zorkmids.
 Autopickup was off.

Final Characteristics:
 Your strength was 9 (limit:18).
 Your dexterity was 14 (limit:18).
 Your constitution was 13 (limit:16).
 Your intelligence was 20 (limit:20).
 Your wisdom was 10 (limit:20).
 Your charisma was 10 (limit:18).

Final Status:
 You were held by a lichen (north).
 You weren't hungry.
 You were unencumbered.
 You were wielding a quarterstaff.
 You had basic skill with quarterstaff.

Final Attributes:
 You were devoutly aligned.
 You were magic-protected.
 You had infravision.
 You were warded.
 You are dead.

Miscellaneous:
 You didn't encounter any bones levels.
 Total elapsed playing time was 9 minutes and 8 seconds.

Major events:
 Turn
    1: Atomicjoy the chaotic male elven Wizard entered the dungeon
  444: entered the Gnomish Mines
 1189: killed by a dwarf

Spells:
 Name                 Level Category     Fail Retention
 force bolt             1   attack         0%  91%-100%
 detect monsters        1   divination     0%  76%-100%
 chain lightning        2   attack         0%  91%-100%

Skills:
 Fighting Skills
   bare handed combat [Unskilled]
   riding             [Unskilled]
 Weapon Skills
   dagger             [Unskilled]
   knife              [Unskilled]
   axe                [Unskilled]
   short sword        [Unskilled]
   club               [Unskilled]
   mace               [Unskilled]
   quarterstaff       [Basic]
   polearms           [Unskilled]
   spear              [Unskilled]
   trident            [Unskilled]
   sling              [Unskilled]
   dart               [Unskilled]
   shuriken           [Unskilled]
 Spellcasting Skills
   attack spells      [Basic]
   healing spells     [Unskilled]
   divination spells  [Unskilled]
   enchantment spells [Basic]
   clerical spells    [Unskilled]
   escape spells      [Unskilled]
   matter spells      [Unskilled]

Voluntary challenges:
 Character rerolling was not enabled.
 You never genocided any monsters.
 You never polymorphed an object.
 You never changed form.
 You used no wishes.
Achievements:
 You entered the Gnomish Mines.
 You entered a shop.

 The Dungeons of Doom: levels 1 to 3
    Level 1:
       Some fountains.
    Level 2:
       A fountain.
       Stairs down to The Gnomish Mines.
    Level 3:
       A general store.
 The Gnomish Mines:
    Level 3: <- You were here.
       Final resting place for
          you, killed by a dwarf.


Vanquished creatures:
  a gnome leader
  a dwarf
  a coyote
  5 gnomes
  a gnome zombie
  4 jackals
  2 goblins
  2 grid bugs
  a lichen
  a kobold zombie
  3 newts
22 creatures vanquished.

No species were genocided or became extinct.

Game over:
                       ----------
                      /          \
                     /    REST    \
                    /      IN      \
                   /     PEACE      \
                  /                  \
                  |    Atomicjoy     |
                  |      94 Au       |
                  |   killed by a    |
                  |      dwarf       |
                  |                  |
                  |                  |
                  |       2026       |
                 *|     *  *  *      | *
        _________)/\\_//(\/(/\)/\//\/|_)_______

Goodbye Atomicjoy the Wizard...

You died in The Gnomish Mines on dungeon level 3 with 209 points,
and 94 pieces of gold, after 1189 moves.
You were level 1 with a maximum of 16 hit points when you died.

